 Dungeon Crawl Stone Soup version 0.22-a0-469-gf26638a (webtiles) character file.

102782 240p the Earth Mage (level 16, -2/101 HPs)
             Began as a Gargoyle Earth Elementalist on Mar 22, 2018.
             Was an Initiate of Vehumet.
             Slain by an ettin
             ... wielding a +0 dire flail
              (35 damage)
             ... on level 1 of the Orcish Mines on June 11, 2018.
             The game lasted 03:42:07 (43521 turns).

240p the Earth Mage (Gargoyle Earth Elementalist)  Turns: 43521, Time: 03:42:08

Health: -2/101     AC: 33    Str: 14    XL:     16   Next: 34%
Magic:  13/32      EV: 11    Int: 21    God:    Vehumet [......]
Gold:   2108       SH:  2    Dex: 11    Spells: 14/40 levels left

rFire    . . .     SeeInvis .   a - staff of conjuration {!a}
rCold    + . .     Gourm    .   (no shield)
rNeg     + + +     Faith    .   p - +0 acid dragon scales
rPois    ∞         Spirit   .   t - +2 hat
rElec    +         Reflect  +   N - +2 cloak {MR+}
rCorr    +         Harm     .   z - +0 pair of gloves
MR       ++...                  n - +1 pair of boots
Stlth    +.........             L - amulet "Canox" {Reflect rElec rC+ rN+++ Dex-4 SH+2}
HPRegen  0.26/turn              i - +4 ring of protection
MPRegen  0.23/turn              y - +5 ring of dexterity

@: studying Throwing
A: big wings, negative energy resistance 1, electricity resistance, unbreathing,
petrification resistance, rot immunity, AC +12
a: Fly, Renounce Religion


You were on level 1 of the Orcish Mines.
You worshipped Vehumet.
Vehumet was noncommittal.
You were not hungry.

You visited 4 branches of the dungeon, and saw 24 of its levels.
You also visited: Labyrinth.

You collected 2238 gold pieces.
You spent 130 gold pieces at shops.

Inventory:

Missiles
 m - 3 tomahawks of dispersal (quivered) {=f}
 u - 6 throwing nets {=f, !d}
 C - 146 stones
Armour
 n - a +1 pair of boots (worn)
   (You found it on level 2 of the Dungeon)
 p - +0 acid dragon scales (worn)
   (You found it on level 14 of the Dungeon)
 t - a +2 hat (worn)
   (You found it on level 2 of the Dungeon)
 z - a +0 pair of gloves (worn)
   (You found it on level 3 of the Dungeon)
 N - a +2 cloak of magic resistance (worn)
   (You took it off Crazy Yiuf on level 6 of the Dungeon)
 Q - +0 steam dragon scales
   (You found it on level 8 of the Dungeon)
Magical Staves
 a - an uncursed staff of conjuration (weapon) {!a}
   (You found it on level 3 of the Dungeon)
Jewellery
 i - a +4 ring of protection (left hand)
   (You found it on level 1 of the Dungeon)
 y - a +5 ring of dexterity (right hand)
   (You found it on level 6 of the Lair of Beasts)
 L - the amulet "Canox" (around neck) {Reflect rElec rC+ rN+++ Dex-4 SH+2}
   (You found it on level 6 of the Lair of Beasts)

   [amulet of reflection]

   It shields you and reflects attacks.
   It affects your dexterity (-4).
   It protects you from cold.
   It insulates you from electricity.
   It renders you almost immune to negative energy.
   It affects your SH (+2).
 O - an uncursed ring of protection from cold {rC+, !d}
   (You took it off a centaur warrior on level 14 of the Dungeon)
Wands
 v - a wand of scattershot (7)
   (You found it on level 5 of the Dungeon)
 H - a wand of digging (30)
   (You found it on level 5 of the Dungeon)
 I - a wand of disintegration (32)
   (You found it on level 5 of the Dungeon)
 P - a wand of flame (81)
   (You found it on level 8 of the Dungeon)
 R - a wand of clouds (7)
   (You took it off an orc priest on level 8 of the Dungeon)
 T - a wand of acid (7)
   (You found it in a labyrinth)
 V - a wand of paralysis (12)
   (You found it in a labyrinth)
 X - a wand of iceblast (21)
   (You found it in a labyrinth)
Scrolls
 b - a scroll of fear
 e - 9 scrolls of teleportation {@r4}
 g - 4 scrolls of remove curse {@r2}
 l - 2 scrolls of fog
 q - 2 scrolls of amnesia
 r - a scroll of blinking {!r}
 A - 2 scrolls of identify {@r1}
 B - 4 scrolls of magic mapping {!r}
 D - a scroll of enchant weapon
 G - a scroll of enchant armour
Potions
 c - 2 potions of brilliance
 f - 4 potions of might
 h - 2 potions of agility
 j - 2 potions of magic
 k - 6 potions of haste
 o - 4 potions of heal wounds {@q2}
 s - 7 potions of curing {@q1}
 w - 2 potions of cancellation
 x - a potion of lignification {!q}
 K - 4 potions of mutation {!q}
 S - 2 potions of invisibility
Books
 Y - a manual of Throwing {!d}
   (You found it on level 14 of the Dungeon)
Miscellaneous
 Z - a phantom mirror
Comestibles
 d - 23 rations
 E - 7 chunks of flesh


   Skills:
 + Level 11.7 Fighting
   Level 0.5 Maces & Flails
 + Level 9.5 Armour
 - Level 1.5 Dodging
 - Level 2.1 Stealth
 + Level 12.9 Spellcasting
 - Level 11.3 Conjurations
 - Level 3.3 Charms
 - Level 5.2 Translocations
 - Level 6.2 Transmutations
 - Level 1.8 Fire Magic
 - Level 3.2 Air Magic
 + Level 17.2 Earth Magic


You had 14 spell levels left.
You knew the following spells:

 Your Spells              Type           Power        Failure   Level  Hunger
b - Blink                 Tloc           N/A          1%          2    None
c - Petrify               Tmut/Erth      ######..     1%          4    None
e - Apportation           Tloc           #####.       1%          1    None
s - Swiftness             Chrm/Air       ####....     2%          2    None
x - Stone Arrow           Conj/Erth      ######       1%          3    None
z - Sandblast             Erth           ######       0%          1    None
C - Mephitic Cloud        Conj/Pois/Air  ######..     2%          3    None
N - Passwall              Tmut/Erth      ######..     1%          2    None
X - Lee's Rapid Deconstr  Erth           ######....   1%          5    ####...
Z - Conjure Flame         Conj/Fire      ######..     1%          3    None

Your spell library contained the following spells:

 Spells                   Type           Power        Failure   Level  Hunger
 Cause Fear               Hex            ##........   54%         4    None
 Magic Dart               Conj           ####         1%          1    None
 Fireball                 Conj/Fire      ######....   12%         5    ####...
 Bolt of Fire             Conj/Fire      ######....   54%         6    #####..
 Lightning Bolt           Conj/Air       ######....   9%          5    ####...
 Slow                     Hex            ##......     10%         2    None
 Throw Flame              Conj/Fire      ######       1%          2    None
 Throw Frost              Conj/Ice       ######       1%          2    None
 Ring of Flames           Chrm/Fire      ###.......   100%        7    #######
 Venom Bolt               Conj/Pois      ######....   17%         5    ####...
 Olgreb's Toxic Radiance  Pois           ##......     54%         4    None
 Summon Small Mammal      Summ           ##..         6%          1    None
 Animate Skeleton         Necr           N/A          6%          1    None
 Freeze                   Ice            ##..         6%          1    None
 Sticky Flame             Conj/Fire      ######..     4%          4    None
 Summon Ice Beast         Ice/Summ       ##......     54%         4    None
 Ozocubu's Armour         Chrm/Ice       ###.....     10%         3    None
 Call Imp                 Summ           ##......     10%         2    None
 Regeneration             Chrm/Necr      ###.......   10%         3    None
 Sting                    Conj/Pois      ####         1%          1    None
 Shock                    Conj/Air       ####         1%          1    None
 Spider Form              Tmut/Pois      ####......   5%          3    None
 Blade Hands              Tmut           #####.....   14%         5    ####...
 Ice Form                 Ice/Tmut       ####....     17%         4    None
 Throw Icicle             Conj/Ice       ######..     6%          4    None
 Airstrike                Air            ####......   17%         4    None
 Confusing Touch          Hex            ##....       6%          1    None
 Flame Tongue             Conj/Fire      #####        1%          1    None
 Ignite Poison            Fire/Tmut/Pois ###.....     6%          3    None
 Sticks to Snakes         Tmut           #####...     1%          2    None
 Static Discharge         Conj/Air       ######..     1%          3    None
 Corona                   Hex            ##.....      6%          1    None
 Portal Projectile        Hex/Tloc       ###...       6%          3    None
 Leda's Liquefaction      Hex/Erth       #####.....   1%          4    None
 Shroud of Golubria       Chrm/Tloc      ####......   1%          2    None
 Inner Flame              Hex/Fire       ###.....     13%         3    None
 Beastly Appendage        Tmut           #####.       1%          1    None
 Infusion                 Chrm           ####         1%          1    None
 Song of Slaying          Chrm           ####....     2%          2    None
 Spectral Weapon          Hex/Chrm       ###.....     10%         3    None
 Poisonous Vapours        Pois/Air       ###...       4%          2    None
 Ignition                 Fire           ###.......   100%        8    #######


Dungeon Overview and Level Annotations

Branches:
Dungeon (15/15) Temple (1/1) D:7 Lair (6/6) D:9 Shoals (0/4) Lair:3 Spider (0/4) Lair:3 Slime (0/5) Lair:6 Orc (2/2) D:10 Vaults (0/5) D:13 D:14 Depths (0/5) D:15 Elf: Orc:2

Altars:
Ashenzari
Cheibriados
Dithmenos
Elyvilon
Fedhas
Gozag
Hepliaklqana
Kikubaaqudgha
Makhleb
Nemelex Xobeh
Okawaru
Qazlal
Ru
Sif Muna
Trog
Uskayaw
Vehumet
Wu Jian
Xom
Yredelemnul
Zin
The Shining One

Shops:
D:5 ([=   D:10 !(*}   D:12 *(   D:13 }   Orc:1 *

Annotations:
D:2 Sigmund
Orc:2 exclusion: door


Innate Abilities, Weirdness & Mutations

You are resistant to torment.
Your stone body is resilient. (AC +12)
You are immune to poison.
Your large and strong wings let you fly indefinitely.
You resist negative energy. (rN+)
You are resistant to electric shocks. (rElec)
You can survive without breathing.
You are immune to petrification.
You are immune to rotting.


Message History

There is a stone staircase leading down here.
You climb downwards.
Level annotation: exclusion: door
There is a stone staircase leading up here.
Things that are here:
a ring mail; a dagger; an orc corpse
Things that are here:
a club; an orc corpse
Things that are here:
a leather armour; a falchion You see here a club.
Items here: )) [ ÷÷ a club; a leather armour; a club; an orc skeleton x2
Things that are here:
a leather armour; a dagger
Things that are here:
a giant club; a dire flail
There is a stone staircase leading up here.
You climb upwards.
An orc, an orc warrior and a troll come into view.
The orc warrior shouts!
The orc shouts!
You hear a shout!
An orc comes into view. It is wielding a club.
There is a stone staircase leading down here.
Casting: Stone Arrow (safe; 1% risk of failure)
Confirm with . or Enter, or press ? or * to list all spells.
Aiming: Stone Arrow (safe; 1% risk of failure)
Press: ? - help, Shift-Dir - straight line, f - troll
Aim: a troll You feel a surge of power!
The stone arrow hits the troll.
The troll is moderately wounded.
You hear two shouts!
Casting: Stone Arrow (safe; 1% risk of failure)
Confirm with . or Enter, or press ? or * to list all spells.
Aiming: Stone Arrow (safe; 1% risk of failure)
Press: ? - help, Shift-Dir - straight line, f/p - troll
Aim: a troll (moderately wounded)
You feel a surge of power!
The stone arrow hits the troll.
The troll is almost dead.
The troll barely misses you. The troll claws you but does no damage.
The troll closely misses you.
Casting: Stone Arrow (safe; 1% risk of failure)
Confirm with . or Enter, or press ? or * to list all spells.
Aiming: Stone Arrow (safe; 1% risk of failure)
Press: ? - help, Shift-Dir - straight line, f/p - troll
Aim: a troll (almost dead)
You feel a surge of power!
The stone arrow hits the troll.
You kill the troll!
Vehumet accepts your kill.
An ettin comes into view. It is wielding two dire flails.
Casting: Stone Arrow (safe; 1% risk of failure)
Confirm with . or Enter, or press ? or * to list all spells.
Aiming: Stone Arrow (safe; 1% risk of failure)
Press: ? - help, Shift-Dir - straight line, f - orc
Aim: an orc, wielding a hand axe and wearing a chain mail You feel a surge of power!
The stone arrow hits the orc.
The orc is severely wounded.
The orc hits you but does no damage.
The orc warrior hits you but does no damage.
The ettin hits you with a dire flail!! The ettin hits you with a dire flail!
An ogre comes into view. It is wielding a giant club.
The ogre shouts!
Casting: Stone Arrow (safe; 1% risk of failure)
Confirm with . or Enter, or press ? or * to list all spells.
Aiming: Stone Arrow (safe; 1% risk of failure)
Press: ? - help, Shift-Dir - straight line, f/p - orc
Aim: an orc, wielding a hand axe and wearing a chain mail (severely wounded)
You feel a surge of power!
The stone arrow hits the orc.
You kill the orc!
Vehumet accepts your kill.
The orc warrior hits you from afar with a trident!
The ettin hits you with a dire flail! x2
* * * LOW HITPOINT WARNING * * *
You can't go up here!
Casting: Stone Arrow (safe; 1% risk of failure)
Confirm with . or Enter, or press ? or * to list all spells.
You blink.
The orc warrior hits you but does no damage.
Casting: Blink (safe; 1% risk of failure)
Confirm with . or Enter, or press ? or * to list all spells.
Aiming: Conjure Flame (safe; 1% risk of failure)
Press: ? - help, Dir - move target cursor You feel a surge of power!
The fire ignites!
The orc hits you but does no damage.
The ettin is engulfed in blazing flames.
Casting: Conjure Flame (safe; 1% risk of failure)
Confirm with . or Enter, or press ? or * to list all spells.
Okay, then.
Unknown command.
Evoke which item? (* to show all) (? for menu, Esc to quit)
Aiming: Dig
Press: ? - help, Shift-Dir - straight line The rock shatters into small pieces.
The orc is engulfed in blazing flames.
You kill the orc!
Vehumet accepts your kill.
Casting: Conjure Flame (safe; 1% risk of failure)
Confirm with . or Enter, or press ? or * to list all spells.
Aiming: Passwall (safe; 1% risk of failure)
Press: ? - help, Dir - move target cursor The ettin barely misses you.
The ettin hits you with a dire flail!!
You die...

#....### #
###......####
##..........##
##.............
##..............
#...............
#.......##....[.
##.#.....####.....
##@#......#.#.....[
##C##........#......
#O####............<#
#o######.........###
#)..# #..........##
###.$...#
##..#.....##
#>).....# ##.##....#
##....... ###...###
#.....$... ##.##


You could see an ettin, an orc warrior and an ogre.

Vanquished Creatures
  Gastronok (Lair:2)
  A stone giant (D:14)
  Nessos (D:13)
  A minotaur (Lab)
  4 ettins (D:14)
  4 hydras
  Josephine (Lair:6)
  Harold (Lair:1)
  3 catoblepae (Lair:6)
  4 centaur warriors
  13 two-headed ogres
  2 ogre magi
  13 death yaks
  2 tengu warriors
  4 unseen horrors
  Pikel (D:9)
  A wizard (D:15)
  2 orc knights
  A deep elf mage (D:13)
  An orange crystal statue (D:13)
  9 ugly things
  16 cyclopes (D:14)
  5 manticores
  2 orc sorcerers
  A salamander (shapeshifter) (D:15)
  2 naga magi (D:15)
  15 elephants
  The ghost of ythm the Cleaver, a novice VSBe of Trog (D:7)
  An ice statue (D:13)
  2 gargoyles (D:15)
  9 spiny frogs
  2 centaur skeletons (D:15)
  2 kobold demonologists (D:11)
  13 komodo dragons
  A freezing wraith (D:15)
  2 tengu conjurers
  5 trolls
  A hornet (shapeshifter) (D:15)
  3 slime creatures (Lair:6)
  Prince Ribbit (Lair:3)
  12 blink frogs
  8 hippogriffs
  2 redbacks (Lair:3)
  2 shadows
  2 vampires
  The ghost of wevryn the Ruffian, an amateur TrFi (D:4)
  2 wyverns
  9 wraiths
  65 yaks
  A spriggan (D:8)
  4 hungry ghosts
  A basilisk (D:10)
  Eustachio (D:6)
  16 humans
  7 vampire mosquitoes (D:13)
  2 steam dragons
  4 wargs
  Menkaure (D:4)
  A soldier ant (D:9)
  5 water moccasins
  An acid dragon (D:14)
  4 porcupines
  14 orc warriors
  4 phantoms
  6 necrophages
  4 ice beasts
  2 sky beasts
  3 slaves (D:9)
  14 ogres
  A hornet zombie (D:15)
  25 wolves
  6 centaurs
  12 crocodiles
  4 big kobolds
  14 bullfrogs
  2 wyvern skeletons
  6 killer bees (D:10)
  5 scorpions
  8 wights
  A troll zombie (D:10)
  5 howler monkeys
  2 centaur zombies
  4 crimson imps
  A bullfrog skeleton (D:4)
  A bullfrog zombie (D:8)
  7 hounds
  6 jellies
  9 orc priests
  Crazy Yiuf (D:6)
  18 orc wizards
  An iguana (D:6)
  Natasha (thrice) (D:2)
  10 worker ants
  A killer bee zombie (D:6)
  5 ogre zombies (D:10)
  A hound zombie (D:6)
  2 hound skeletons (D:5)
  Robin (D:3)
  14 gnolls
  10 adders
  A shadow imp (D:5)
  2 oozes
  An adder zombie (D:5)
  3 worms
  5 dart slugs
  4 leopard geckos
  70 orcs
  8 bats
  3 giant cockroaches
  12 goblins
  3 hobgoblins
  15 jackals
  3 quokkas
  2 frilled lizards
  A goblin skeleton (D:10)
  3 goblin zombies (D:10)
  A hobgoblin skeleton (D:10)
  2 hobgoblin zombies (D:10)
  14 kobolds
  2 orc skeletons (D:10)
  10 orc zombies (D:10)
  A quokka zombie (D:9)
  4 rats (D:1)
  2 fungi
710 creatures vanquished.

Vanquished Creatures (others)
  A two-headed ogre (D:13)
  A cyclops (D:13)
  A quokka (D:15)
  A bush (Lair:5)
  22 fungi
  39 plants
65 creatures vanquished.

Grand Total: 775 creatures vanquished

Notes
Turn   | Place    | Note
-------+----------+-------------------------------------------
     0 | D:1      | 240p the Gargoyle Earth Elementalist began the quest for the Orb.
     0 | D:1      | Reached XP level 1. HP: 10/10 MP: 3/3
   253 | D:1      | Reached XP level 2. HP: 16/16 MP: 3/5
   435 | D:1      | Reached skill level 1 in Fighting
   729 | D:1      | Reached skill level 4 in Earth Magic
   828 | D:1      | Reached XP level 3. HP: 20/20 MP: 5/7
   832 | D:1      | Learned a level 2 spell: Passwall
  1163 | D:2      | Upgraded the game from 0.22-a0-284-g99d1f74 to 0.22-a0-292-g0df9d5f
  1269 | D:2      | Noticed Natasha
  1312 | D:2      | Noticed Sigmund
  1330 | D:2      | Killed Natasha
  1330 | D:2      | Reached skill level 3 in Spellcasting
  1330 | D:2      | Reached skill level 1 in Transmutations
  1503 | D:2      | Found a burning altar of Makhleb.
  1508 | D:2      | Reached XP level 4. HP: 26/26 MP: 3/8
  1610 | D:2      | Noticed Natasha
  1635 | D:2      | Learned a level 3 spell: Stone Arrow
  1776 | D:2      | Killed Natasha
  1776 | D:2      | Reached skill level 2 in Fighting
  1776 | D:2      | Reached XP level 5. HP: 23/30 MP: 3/9
  1852 | D:2      | Noticed Natasha
  1856 | D:2      | Killed Natasha
  1856 | D:2      | Reached skill level 1 in Conjurations
  2126 | D:2      | Reached skill level 5 in Earth Magic
  2469 | D:3      | Noticed Robin
  2674 | D:3      | Reached skill level 2 in Conjurations
  2727 | D:3      | Killed Robin
  2944 | D:3      | Found a radiant altar of Vehumet.
  3055 | D:3      | Learned a level 4 spell: Petrify
  3154 | D:3      | Reached XP level 6. HP: 35/35 MP: 7/10
  3909 | D:4      | Found a glowing golden altar of the Shining One.
  3932 | D:4      | Noticed Menkaure
  3992 | D:4      | Killed Menkaure
  3992 | D:4      | Reached skill level 3 in Conjurations
  3992 | D:4      | Reached skill level 6 in Earth Magic
  4000 | D:4      | Reached skill level 2 in Transmutations
  4000 | D:4      | Reached XP level 7. HP: 40/40 MP: 6/11
  4058 | D:4      | Noticed wevryn's ghost (amateur TrFi)
  4878 | D:4      | Killed wevryn's ghost
  4878 | D:4      | Reached skill level 1 in Armour
  4878 | D:4      | Reached skill level 7 in Earth Magic
  5004 | D:5      | Entered Level 5 of the Dungeon
  5048 | D:5      | Found Zoefuijun's Weapon Emporium.
  5060 | D:5      | Reached skill level 2 in Armour
  5188 | D:5      | Reached skill level 4 in Conjurations
  5270 | D:5      | Reached XP level 8. HP: 44/44 MP: 9/12
  5423 | D:5      | Reached skill level 3 in Armour
  5423 | D:5      | Reached skill level 8 in Earth Magic
  5451 | D:5      | Found Meaxku's Jewellery Shop.
  5602 | D:5      | Found Atitze's Antique Armour Shop.
  6366 | D:6      | Reached skill level 9 in Earth Magic
  6406 | D:6      | Reached skill level 3 in Transmutations
  6680 | D:6      | Reached skill level 4 in Transmutations
  6680 | D:6      | Reached XP level 9. HP: 48/48 MP: 4/13
  6736 | D:6      | Reached skill level 10 in Earth Magic
  6832 | D:6      | Noticed Eustachio
  6840 | D:6      | Killed Eustachio
  7156 | D:6      | Found a runed door.
  7193 | D:6      | Got a scorched ring mail
  7304 | D:6      | Noticed Crazy Yiuf
  7307 | D:6      | Killed Crazy Yiuf
  7331 | D:6      | Identified the +0 ring mail of Sif Muna's Reproof {+Inv} (You found it on level 6 of the Dungeon)
  7390 | D:7      | Reached skill level 4 in Spellcasting
  7431 | D:7      | Reached skill level 3 in Fighting
  7431 | D:7      | Reached skill level 5 in Conjurations
  7537 | D:7      | Found a snail-covered altar of Cheibriados.
  7682 | D:7      | Learned a level 5 spell: Lee's Rapid Deconstruction
  7691 | D:7      | Upgraded the game from 0.22-a0-292-g0df9d5f to 0.22-a0-322-g60b3cfd
  7730 | D:7      | Reached skill level 5 in Spellcasting
  7793 | D:7      | Found a staircase to the Ecumenical Temple.
  8201 | D:7      | Noticed ythm's ghost (novice VSBe)
  8437 | D:7      | Reached skill level 4 in Fighting
  8586 | D:7      | Killed ythm's ghost
  8586 | D:7      | Reached XP level 10. HP: 45/58 MP: 0/18
  8709 | D:8      | Reached skill level 6 in Conjurations
  8770 | D:8      | Reached skill level 6 in Spellcasting
  8885 | D:8      | Reached skill level 11 in Earth Magic
  9005 | D:8      | Reached skill level 5 in Fighting
  9682 | D:9      | Found a hide-covered altar of Uskayaw.
  9741 | D:9      | Noticed Pikel
  9787 | D:9      | Killed Pikel
  9973 | D:9      | Reached skill level 7 in Spellcasting
  9987 | D:9      | Became a worshipper of Uskayaw the Reveler
 10067 | D:9      | Reached * piety under Uskayaw
 10072 | D:9      | Reached ** piety under Uskayaw
 10084 | D:9      | Found a staircase to the Lair.
 10089 | D:9      | Reached skill level 7 in Conjurations
 10444 | D:10     | Entered Level 10 of the Dungeon
 10444 | D:10     | Found Utigedgh's Gadget Emporium.
 10444 | D:10     | Found Jiasm's Weapon Emporium.
 10444 | D:10     | Found Tarusary's General Store.
 10458 | Lair:1   | Entered Level 1 of the Lair of Beasts
 10469 | Lair:1   | Reached *** piety under Uskayaw
 10471 | Lair:1   | Reached skill level 6 in Fighting
 10612 | Lair:1   | Reached XP level 11. HP: 54/64 MP: 14/22
 10704 | Lair:1   | Learned a level 3 spell: Conjure Flame
 10707 | Lair:1   | Learned a level 2 spell: Blink
 10929 | Lair:1   | Reached skill level 8 in Spellcasting
 10929 | Lair:1   | Reached skill level 1 in Fire Magic
 10953 | Lair:1   | Noticed an eight-headed hydra
 11144 | Lair:1   | HP: 11/65 [eight-headed hydra (9)]
 11144 | Lair:1   | HP: 5/65 [yak (6)]
 11425 | Lair:1   | Reached skill level 1 in Translocations
 11487 | Lair:1   | Noticed Harold
 11526 | Lair:1   | Killed Harold
 11526 | Lair:1   | Reached skill level 2 in Translocations
 11526 | Lair:1   | Reached skill level 12 in Earth Magic
 11798 | Lair:1   | Reached skill level 3 in Translocations
 12402 | D:9      | Found a staircase to the Lair.
 12611 | D:9      | Found a hide-covered altar of Uskayaw.
 13064 | Lair:1   | Reached **** piety under Uskayaw
 13065 | Lair:1   | Reached skill level 4 in Translocations
 13068 | Lair:1   | Reached ***** piety under Uskayaw
 13318 | Lair:1   | Learned a level 3 spell: Mephitic Cloud
 13689 | Lair:2   | Found a labyrinth entrance.
 13693 | Lair:2   | Noticed Gastronok
 13737 | Lair:2   | Killed Gastronok
 13737 | Lair:2   | Reached skill level 5 in Translocations
 13742 | Lab      | Entered a labyrinth
 14653 | Lab      | Noticed a minotaur
 14660 | Lab      | HP: 8/65 [minotaur/steel javelin (13)]
 14675 | Lab      | Killed a minotaur
 14675 | Lab      | Reached skill level 9 in Spellcasting
 14675 | Lab      | Reached XP level 12. HP: 21/71 MP: 0/25
 14992 | Lair:2   | Learned a level 2 spell: Swiftness
 14994 | Lair:2   | Learned a level 1 spell: Apportation
 15130 | Lair:2   | Reached skill level 1 in Charms
 15146 | Lair:2   | Reached skill level 1 in Air Magic
 15332 | Lair:2   | Reached skill level 4 in Armour
 15418 | Lair:2   | Reached skill level 2 in Charms
 15706 | Lair:3   | Reached skill level 2 in Air Magic
 16155 | Lair:3   | Found a staircase to the Shoals.
 16258 | Lair:3   | Noticed Prince Ribbit
 16260 | Lair:3   | Reached skill level 3 in Charms
 16264 | Lair:3   | Killed Prince Ribbit
 16279 | Lair:3   | Reached skill level 3 in Air Magic
 16355 | Lair:3   | Found a hole to the Spider Nest.
 16537 | Lair:3   | Reached skill level 13 in Earth Magic
 16582 | Lair:3   | Reached skill level 7 in Fighting
 16582 | Lair:3   | Reached skill level 5 in Armour
 17248 | Lair:4   | Reached skill level 8 in Conjurations
 17566 | Lair:4   | Reached XP level 13. HP: 76/76 MP: 4/26
 17872 | Lair:3   | Reached skill level 6 in Armour
 18226 | Lair:4   | Reached skill level 10 in Spellcasting
 18259 | Lair:4   | Reached skill level 14 in Earth Magic
 18522 | Lair:4   | Reached skill level 8 in Fighting
 18760 | Lair:5   | Got a shimmering iron amulet
 18762 | Lair:5   | Identified the amulet of Taibb {Spirit Int+2} (You found it on level 5 of the Lair of Beasts)
 19874 | Lair:4   | HP: 19/78 [death yak (10)]
 19875 | Lair:4   | HP: 7/78 [death yak (12)]
 19894 | Lair:4   | Reached skill level 9 in Conjurations
 20676 | Lair:5   | Reached skill level 7 in Armour
 20922 | Lair:6   | Entered Level 6 of the Lair of Beasts
 21188 | Lair:6   | Got a steaming golden ring
 21781 | Lair:6   | Found a staircase to the Slime Pits.
 22066 | Lair:6   | Gained mutation: Your large and strong wings let you fly indefinitely. [Gargoyle growth]
 22066 | Lair:6   | Reached XP level 14. HP: 84/84 MP: 1/28
 22155 | Lair:6   | Reached skill level 15 in Earth Magic
 22253 | Lair:6   | Got a twitching bronze amulet
 22444 | Lair:6   | Noticed Josephine
 22471 | Lair:6   | Reached skill level 9 in Fighting
 22487 | Lair:6   | Killed Josephine
 22487 | Lair:6   | Reached skill level 5 in Transmutations
 24049 | Lair:6   | Got a heavily runed tin amulet
 24052 | Lair:6   | Identified the ring of Incredulity {rPois Str+2} (You found it on level 6 of the Lair of Beasts)
 24054 | Lair:6   | Identified the amulet "Canox" {Reflect rElec rC+ rN+++ Dex-4 SH+2} (You found it on level 6 of the Lair of Beasts)
 24058 | Lair:6   | Identified the amulet "Ciuk" {Harm *Drain rC+ MR- Str+5 SInv} (You found it on level 6 of the Lair of Beasts)
 24088 | Lair:6   | Got a fine plate armour
 24101 | Lair:6   | Identified the cursed +1 plate armour "Ungueri" {rPois Int+3} (You found it on level 6 of the Lair of Beasts)
 24356 | D:9      | Reached skill level 8 in Armour
 24501 | D:10     | Found Caunnefu's Distillery.
 24543 | D:10     | Bought a potion of heal wounds for 65 gold pieces
 24543 | D:10     | Bought a potion of heal wounds for 65 gold pieces
 24695 | D:10     | Found a staircase to the Orcish Mines.
 25663 | D:10     | Reached skill level 10 in Conjurations
 26711 | D:11     | Reached skill level 6 in Transmutations
 28060 | D:12     | Found Ikug's Weapon Shoppe.
 28699 | D:12     | Found Teoffom's General Store.
 29393 | D:13     | Reached skill level 11 in Spellcasting
 29865 | D:13     | Noticed Nessos
 29884 | D:13     | HP: 20/87 [Nessos/arrow (7)]
 29885 | D:13     | Killed Nessos
 30363 | D:13     | Reached skill level 16 in Earth Magic
 30366 | D:13     | Reached XP level 15. HP: 92/92 MP: 4/30
 30551 | D:13     | Found Goirich's Gadget Emporium.
 31204 | D:14     | Found a gate to the Vaults.
 31212 | D:13     | Reached skill level 10 in Fighting
 31554 | D:13     | HP: 23/92 [centaur warrior (3)]
 33073 | D:14     | Found a shimmering altar of Xom.
 33454 | D:14     | Upgraded the game from 0.22-a0-460-g49b1da7 to 0.22-a0-469-gf26638a
 34325 | D:14     | Reached skill level 12 in Spellcasting
 34347 | D:14     | Reached skill level 11 in Conjurations
 36185 | D:14     | HP: 12/93 [ettin/dire flail (25)]
 36941 | D:14     | Found the +5 demon whip "Spellbinder" {antimagic, MR+}
 36957 | D:14     | Got an ichor-stained long sword
 36959 | D:14     | Identified the +4 long sword of Inquiry {freeze, Int+3} (You found it on level 14 of the Dungeon)
 37001 | D:14     | Got an ancient rapier
 37004 | D:14     | Identified the +6 rapier "Idghass" {protect, +Blink MR+ Str-2} (You found it on level 14 of the Dungeon)
 37599 | D:14     | Got a translucent great sword
 37612 | D:14     | Identified the +10 great sword "Killer Bee's Peril" {protect, +Blink rPois Str+7 Int-2} (You found it on level 14 of the Dungeon)
 37713 | D:15     | Entered Level 15 of the Dungeon
 37771 | D:15     | Reached skill level 11 in Fighting
 38229 | D:15     | Found a white marble altar of Elyvilon.
 39213 | D:15     | Reached XP level 16. HP: 94/100 MP: 25/32
 39812 | D:15     | Reached skill level 9 in Armour
 39812 | D:15     | Reached skill level 17 in Earth Magic
 40111 | D:15     | Found a staircase to the Depths.
 40814 | Orc:1    | Entered Level 1 of the Orcish Mines
 41584 | Orc:2    | Entered Level 2 of the Orcish Mines
 42802 | Temple   | Entered the Ecumenical Temple
 43130 | D:3      | Fell from the grace of Uskayaw
 43130 | D:3      | Became a worshipper of Vehumet
 43403 | Orc:1    | Found Vezeigav's Assorted Antiques.
 43403 | Orc:1    | Paralysed by an orc sorcerer for 7 turns
 43521 | Orc:1    | Slain by an ettin

Vault maps used:
D:1:      elethiomel_arrival_diamonds
D:2:      makhleb_heckhound_becter, uniq_natasha, uniq_sigmund
D:3:      lemuel_doored_altar, uniq_robin
D:4:      lemuel_coloured_pillars_altar, minmay_quantized, uniq_menkaure
D:5:      serial_shops, shop, nicolae_shop_trees, shop, first_ration
D:6:      kennysheep_six_static_rooms, uniq_eustachio, uniq_crazy_yiuf_cottage
D:7:      cheibrodos_worm_habitat, minmay_temple_entry_from_below_a
D:8:      the_bakery
D:9:      lair_entry_dummy, basic_altar, uniq_pikel
D:10:     zombieorc1_lemuel, minmay_shop_grid_forest
D:12:     serial_shops, shop, shop_fountains
D:13:     minmay_separated_statues, serial_shops, kennysheep_little_box,
          uniq_nessos
D:14:     giant_chief_lemuel, david_vaults_3, hangedman_decor_points,
          basic_altar, st_stairs_12, dk_noncrumbling_4, minmay_misc_feat_rows
D:15:     grunt_enter_depths_magical_seal, kennysheep_crisscross,
          elyvilon_altar_4
Temple:   dpeg_five_rooms_temple
Lair:1:   st_stairs_6, cheibrodos_lair_reptile_den, lemuel_fruit_tree,
          grunt_megastairs_3, lemuel_fruit_fields, uniq_harold
Lair:2:   lab_entry_generic, st_stairs_6, uniq_gastronok
Lair:3:   minmay_shoals_entry_beasts, spider_nest_entry_webs, minivault_25,
          uniq_prince_ribbit2
Lair:4:   beast_lair_carwin_10
Lair:5:   serial_forest, infiniplex_forest_zigzag_1, infiniplex_forest_lined_3,
          infiniplex_forest_zigzag_1, infiniplex_forest_clump_C,
          infiniplex_forest_end_2, infiniplex_forest_end_2,
          infiniplex_forest_clump_curved, infiniplex_forest_clump_curved,
          infiniplex_forest_corner_2
Lair:6:   evilmike_catoblepas_cave, minmay_slime_entry_pillars,
          lemuel_fruit_fields, uniq_josephine
Orc:1:    serial_shops, shop_statue
Orc:2:    pubby_orc_utopia

Skill      XL: |  1  2  3  4  5  6  7  8  9 10 11 12 13 14 15 16 |
---------------+-------------------------------------------------+-----
Fighting       | 1 2 4 6 7 8 9 11 | 11.7
Earth Magic    | 4 5 6 7 9 10 11 12 13 14 16 17 | 17.2
Spellcasting   | 3 5 7 9 10 11 12 | 12.9
Transmutations | 1 2 4 6 |  6.2
Conjurations   | 2 3 4 5 7 8 9 10 11 | 11.3
Armour         | 2 3 5 7 8 9 |  9.5
Fire Magic     | 1 |  1.8
Translocations | 5 |  5.2
Charms         | 3 |  3.3
Air Magic      | 3 |  3.2
Maces & Flails | |  0.5
Dodging        | |  1.5
Stealth        | |  2.1

Action                   |  1- 3 |  4- 6 |  7- 9 | 10-12 | 13-15 | 16-18 || total
-------------------------+-------+-------+-------+-------+-------+-------++-------
Melee: Short sword       |     6 |       |       |       |       |       ||     6
       Dagger            |     1 |     3 |       |       |       |       ||     4
       Staff             |       |     7 |       |     2 |     7 |     1 ||    17
       Rapier            |       |       |    13 |       |       |       ||    13
       Falchion          |       |       |     1 |       |       |       ||     1
Throw: Stone             |     2 |     2 |     2 |     4 |       |       ||    10
       Throwing net      |       |       |       |       |     1 |       ||     1
 Cast: Sandblast         |    43 |    86 |   110 |    88 |   153 |     2 ||   482
       Stone Arrow       |       |     4 |    63 |   260 |   735 |   139 ||  1201
       Petrify           |       |       |     2 |     3 |    29 |     4 ||    38
       Lee's Rapid Decon |       |       |     4 |    19 |   138 |    32 ||   193
       Blink             |       |       |       |    13 |    42 |     1 ||    56
       Passwall          |       |       |       |     3 |     2 |     1 ||     6
       Conjure Flame     |       |       |       |     4 |     9 |     1 ||    14
       Mephitic Cloud    |       |       |       |     4 |    50 |     3 ||    57
       Swiftness         |       |       |       |       |     3 |       ||     3
Invok: Stomp             |       |       |       |     5 |     2 |       ||     7
       Line Pass         |       |       |       |     1 |     5 |       ||     6
Evoke: Wand              |       |       |       |     3 |     8 |     1 ||    12
  Use: Scroll            |       |     2 |     9 |    11 |     5 |     6 ||    33
       Potion            |       |       |       |     5 |     2 |       ||     7
 Stab: Sleeping          |       |     1 |       |       |       |       ||     1
  Eat: Chunk             |     2 |     4 |     8 |    17 |    53 |     6 ||    90
       Ration            |       |     1 |     4 |     5 |    11 |     4 ||    25
Armor: Robe              |     7 |    39 |     7 |       |       |       ||    53
       Leather armour    |       |       |    45 |     3 |       |       ||    48
       Steam dragon scal |       |       |       |   218 |   466 |       ||   684
       Acid dragon scale |       |       |       |       |    52 |   104 ||   156
Dodge: Dodged            |    22 |    44 |    57 |   227 |   376 |    63 ||   789
Block: Other             |       |       |       |       |    22 |     6 ||    28
       Reflection        |       |       |       |       |     6 |       ||     6
       Rpst.: Falchion   |       |       |     2 |       |       |       ||     2

Table legend:
 A = Spawn XP
 B = Non-spawn XP
 C = Spawn XP percentage of total XP
 D = Spawn monster count
 E = Non-spawn monster count
 F = Spawn count percentage of total count
 G = Total turns spent on level
                    A         B        C        D         E        F      G
               +---------+---------+-------+---------+---------+-------+---------
         Total |       0 |  146832 |   0.0 |       0 |     707 |   0.0 | 43521
               +---------+---------+-------+---------+---------+-------+---------
           D:1 |       0 |      42 |   0.0 |       0 |      21 |   0.0 |  1218
           D:2 |       0 |     208 |   0.0 |       0 |      14 |   0.0 |  1068
           D:3 |       0 |     105 |   0.0 |       0 |      28 |   0.0 |  1782
           D:4 |       0 |     553 |   0.0 |       0 |      12 |   0.0 |  1051
           D:5 |       0 |     921 |   0.0 |       0 |      31 |   0.0 |  1555
           D:6 |       0 |    1203 |   0.0 |       0 |      15 |   0.0 |  1018
           D:7 |       0 |    1748 |   0.0 |       0 |      27 |   0.0 |  1240
           D:8 |       0 |    1296 |   0.0 |       0 |      15 |   0.0 |   759
           D:9 |       0 |    2714 |   0.0 |       0 |      22 |   0.0 |  2344
          D:10 |       0 |    6110 |   0.0 |       0 |      71 |   0.0 |  2992
          D:11 |       0 |    4309 |   0.0 |       0 |      25 |   0.0 |  1283
          D:12 |       0 |    2405 |   0.0 |       0 |      19 |   0.0 |  1867
          D:13 |       0 |   14181 |   0.0 |       0 |      61 |   0.0 |  3845
          D:14 |       0 |   26493 |   0.0 |       0 |      49 |   0.0 |  4461
          D:15 |       0 |   19095 |   0.0 |       0 |      49 |   0.0 |  2425
        Lair:1 |       0 |    7342 |   0.0 |       0 |      31 |   0.0 |  2176
        Lair:2 |       0 |    4839 |   0.0 |       0 |      12 |   0.0 |   947
        Lair:3 |       0 |    7533 |   0.0 |       0 |      22 |   0.0 |  1702
        Lair:4 |       0 |   13839 |   0.0 |       0 |      37 |   0.0 |  2300
        Lair:5 |       0 |    8909 |   0.0 |       0 |      34 |   0.0 |  1920
        Lair:6 |       0 |   16768 |   0.0 |       0 |      52 |   0.0 |  2598
         Orc:1 |       0 |    2188 |   0.0 |       0 |      27 |   0.0 |   854
         Orc:2 |       0 |    2754 |   0.0 |       0 |      32 |   0.0 |   798
           Lab |       0 |    1277 |   0.0 |       0 |       1 |   0.0 |  1124
               +---------+---------+-------+---------+---------+-------+---------

Vault maps used:
D:1:      elethiomel_arrival_diamonds
D:2:      makhleb_heckhound_becter, uniq_natasha, uniq_sigmund
D:3:      lemuel_doored_altar, uniq_robin
D:4:      lemuel_coloured_pillars_altar, minmay_quantized, uniq_menkaure
D:5:      serial_shops, shop, nicolae_shop_trees, shop, first_ration
D:6:      kennysheep_six_static_rooms, uniq_eustachio, uniq_crazy_yiuf_cottage
D:7:      cheibrodos_worm_habitat, minmay_temple_entry_from_below_a
D:8:      the_bakery
D:9:      lair_entry_dummy, basic_altar, uniq_pikel
D:10:     zombieorc1_lemuel, minmay_shop_grid_forest
D:12:     serial_shops, shop, shop_fountains
D:13:     minmay_separated_statues, serial_shops, kennysheep_little_box,
          uniq_nessos
D:14:     giant_chief_lemuel, david_vaults_3, hangedman_decor_points,
          basic_altar, st_stairs_12, dk_noncrumbling_4, minmay_misc_feat_rows
D:15:     grunt_enter_depths_magical_seal, kennysheep_crisscross,
          elyvilon_altar_4
Temple:   dpeg_five_rooms_temple
Lair:1:   st_stairs_6, cheibrodos_lair_reptile_den, lemuel_fruit_tree,
          grunt_megastairs_3, lemuel_fruit_fields, uniq_harold
Lair:2:   lab_entry_generic, st_stairs_6, uniq_gastronok
Lair:3:   minmay_shoals_entry_beasts, spider_nest_entry_webs, minivault_25,
          uniq_prince_ribbit2
Lair:4:   beast_lair_carwin_10
Lair:5:   serial_forest, infiniplex_forest_zigzag_1, infiniplex_forest_lined_3,
          infiniplex_forest_zigzag_1, infiniplex_forest_clump_C,
          infiniplex_forest_end_2, infiniplex_forest_end_2,
          infiniplex_forest_clump_curved, infiniplex_forest_clump_curved,
          infiniplex_forest_corner_2
Lair:6:   evilmike_catoblepas_cave, minmay_slime_entry_pillars,
          lemuel_fruit_fields, uniq_josephine
Orc:1:    serial_shops, shop_statue
Orc:2:    pubby_orc_utopia

Table legend:
 A = Turns spent in this place as a percentage of turns spent in the entire game.
 B = Non-inter-level travel turns spent in this place as a percentage of non-inter-level travel turns spent in the entire game.
 C = Inter-level travel turns spent in this place as a percentage of turns spent in this place.
 D = Turns resting spent in this place as a percentage of non-inter-level travel turns spent in this place.
 E = Turns spent auto-exploring this place as a percentage of non-inter-level travel turns spent in this place.
 F = Non-inter-level travel turns spent in this place divided by the number of levels of this place that you've seen.
                   A       B       C       D       E      F
               +-------+-------+-------+-------+-------+----------------------
         Total | 100.0 | 100.0 |   5.4 |  44.8 |  26.9 | 1646.5
       Dungeon |  66.4 |  66.1 |   5.9 |  47.6 |  27.3 | 1813.9
        Temple |   0.4 |   0.4 |  16.5 |   0.0 |  97.5 | 162.0
          Lair |  26.8 |  27.0 |   4.6 |  39.9 |  28.4 | 1851.8
  Orcish Mines |   3.8 |   3.8 |   5.7 |  54.7 |  21.7 | 779.0
     Labyrinth |   2.6 |   2.7 |   0.0 |  18.9 |   0.0 | 1124.0
               +-------+-------+-------+-------+-------+----------------------

Table legend:
 A = Kills in this place as a percentage of kills in entire the game.
 B = Kills by you in this place as a percentage of kills by you in the entire game.
 C = Kills by friends in this place as a percentage of kills by friends in the entire game.
 D = Other kills in this place as a percentage of other kills in the entire game.
 E = Experience gained in this place as a percentage of experience gained in the entire game.
 F = Experience gained in this place divided by the number of levels of this place that you have seen.
                   A       B       C       D       E      F
               +-------+-------+-------+-------+-------+----------------------
         Total | 100.0 | 100.0 |   N/A | 100.0 | 100.0 | 5873.3
       Dungeon |  64.9 |  65.0 |   N/A |  50.0 |  55.4 | 5425.5
          Lair |  26.6 |  26.5 |   N/A |  33.3 |  40.3 | 9871.7
  Orcish Mines |   8.3 |   8.3 |   N/A |  16.7 |   3.4 | 2471.0
     Labyrinth |   0.1 |   0.1 |   N/A |   0.0 |   0.9 | 1277.0
               +-------+-------+-------+-------+-------+----------------------
